 Dungeon Crawl Stone Soup version 0.22-a0-580-gd5db89c (webtiles) character file.

7463 Lianjan the Geomancer (level 10, -1/74 HPs)
             Began as a Demonspawn Earth Elementalist on July 3, 2018.
             Was an Initiate of Kikubaaqudgha.
             Slain by a yak (6 damage)
             ... on level 1 of the Lair of Beasts.
             The game lasted 00:21:15 (10336 turns).

Lianjan the Geomancer (DsEE)                       Turns: 10336, Time: 00:21:16

Health: -1/74      AC:  6    Str:  9    XL:     10   Next: 94%
Magic:  20/20      EV: 12    Int: 18    God:    Kikubaaqudgha [......]
Gold:   350        SH:  4    Dex: 15    Spells: 8/23 levels left

rFire    . . .     SeeInvis .   k - +2 falchion (venom)
rCold    . . .     Gourm    .   (no shield)
rNeg     . . .     Faith    .   w - +1 troll leather armour {Purgy}
rPois    .         Spirit   .   H - +0 helmet
rElec    .         Reflect  .   (no cloak)
rCorr    .         Harm     .   (no gloves)
MR       .....                  (no boots)
Stlth    ++++......             (no amulet)
HPRegen  0.62/turn              (no ring)
MPRegen  0.17/turn              (no ring)

@: no status effects
A: large bone plates 1, nightstalker 2
a: Renounce Religion


You were on level 1 of the Lair of Beasts.
You worshipped Kikubaaqudgha.
Kikubaaqudgha was noncommittal.
You were not hungry.

You visited 3 branches of the dungeon, and saw 12 of its levels.
You also visited: Sewer.

You collected 350 gold pieces.

Inventory:

Hand Weapons
 h - a +0 whip
 k - a +2 falchion of venom (weapon)
 r - the +6 mace "Icagim" {freeze, rPois rN++ Str+4 Int-2}
   (You found it in a sewer)

   It has been specially enchanted to freeze those struck by it, causing extra
   injury to most foes and up to half again as much damage against particularly
   susceptible opponents.
   It can also slow down cold-blooded creatures.
   It affects your strength (+4).
   It affects your intelligence (-2).
   It protects you from poison.
   It greatly protects you from negative energy.
Missiles
 b - 125 stones (quivered)
 g - 8 curare-tipped needles
Armour
 w - a +1 troll leather armour (worn) {Purgy}
 H - a +0 helmet (worn)
Jewellery
 m - a +2 amulet of reflection {unknown}
Wands
 B - a wand of random effects (25)
 C - a wand of acid (7)
Scrolls
 f - 2 scrolls of fog
 j - 2 scrolls of amnesia
 q - 12 scrolls of identify
 u - a scroll of blinking
 v - 2 scrolls of magic mapping
 x - 2 scrolls of remove curse
 y - a scroll of fear
 A - 4 scrolls of teleportation
 D - 2 scrolls of enchant weapon
Potions
 a - a potion of flight
 e - 2 potions of degeneration {unknown}
 i - 2 potions of resistance
 l - 2 potions of might {unknown}
 n - 3 potions of brilliance {unknown}
 o - a potion of heal wounds
 p - 2 potions of curing {unknown}
 s - a potion of agility {unknown}
 t - 2 potions of invisibility {unknown}
 z - 4 potions of haste
 E - a potion of ambrosia {unknown}
Comestibles
 c - 4 chunks of flesh
 d - 11 rations


   Skills:
 - Level 5.2 Fighting
 - Level 4.0 Armour
 - Level 1.7 Dodging
 - Level 1.8 Stealth
 + Level 7.2 Spellcasting
 - Level 5.0 Conjurations
 + Level 8.2 Necromancy
   Level 0.8 Transmutations
 + Level 9.3 Earth Magic


You had 8 spell levels left.
You knew the following spells:

 Your Spells              Type           Power        Failure   Level  Hunger
a - Sandblast             Erth           #####.       1%          1    None
b - Stone Arrow           Conj/Erth      ####..       2%          3    #......
c - Animate Skeleton      Necr           N/A          1%          1    None
d - Vampiric Draining     Necr           #####.....   1%          3    #......
e - Regeneration          Chrm/Necr      ###.......   9%          3    #......
f - Animate Dead          Necr           N/A          4%          4    ###....

Your spell library contained the following spells:

 Spells                   Type           Power        Failure   Level  Hunger
 Magic Dart               Conj           ###.         1%          1    None
 Conjure Flame            Conj/Fire      ###.....     16%         3    #......
 Slow                     Hex            #.......     22%         2    None
 Mephitic Cloud           Conj/Pois/Air  ##......     22%         3    #......
 Blink                    Tloc           N/A          22%         2    None
 Pain                     Necr           ####         1%          1    None
 Call Imp                 Summ           #.......     22%         2    None
 Passwall                 Tmut/Erth      ###.....     2%          2    None
 Lee's Rapid Deconstruct  Erth           #####.....   9%          5    #####..
 Petrify                  Tmut/Erth      ###.....     17%         4    ###....


Dungeon Overview and Level Annotations

Branches:
Dungeon (10/15)            Temple (1/1) D:6            Lair (1/6) D:8
    Orc: D:9-12

Altars:
Ashenzari
Cheibriados
Dithmenos
Elyvilon
Fedhas
Gozag
Hepliaklqana
Kikubaaqudgha
Makhleb
Nemelex Xobeh
Okawaru
Qazlal
Ru
Sif Muna
Trog
Uskayaw
Vehumet
Wu Jian
Xom
Yredelemnul
Zin
The Shining One

Shops:
D:7 [   D:8 (


Innate Abilities, Weirdness & Mutations

You are partially covered in large bone plates. (SH +4)
You are significantly more attuned to the shadows.


Message History

The eight-headed hydra bites you but does no damage.
The eight-headed hydra bites you. The eight-headed hydra bites you!
The eight-headed hydra bites you but does no damage.
The yak gores you!
You block the eight-headed hydra's attack.
The eight-headed hydra barely misses you.
The eight-headed hydra bites you!
* * * LOW HITPOINT WARNING * * *
The eight-headed hydra bites you.
* * * LOW HITPOINT WARNING * * *
The eight-headed hydra bites you.
* * * LOW HITPOINT WARNING * * *
The eight-headed hydra bites you.
* * * LOW HITPOINT WARNING * * *
The eight-headed hydra misses you.
The eight-headed hydra bites you but does no damage.
There is a staircase back to the Dungeon, spattered with blood here.
The yak gores you.
You die...
Kikubaaqudgha rasps: "You have failed me!
Welcome... death!"

... .. ...
... ....
...#####...#
.....Y.D....
......@†....
............
............
............
............
.....#.####.
F.... .#


You could see an eight-headed hydra and a yak.

Vanquished Creatures
  2 two-headed ogres (D:8)
  Pikel (D:8)
  2 centaur skeletons (D:10)
  3 hippogriffs
  A wraith (D:10)
  3 yaks (D:8)
  A hungry ghost (D:9)
  A warg (D:8)
  A water moccasin (D:10)
  An ice beast (D:7)
  An eye of draining (D:10)
  Purgy (Sewer)
  A slave (D:8)
  An orc warrior (D:8)
  2 sky beasts
  A necrophage (D:9)
  2 phantoms (D:8)
  An ogre (D:7)
  3 centaurs
  A crocodile (Lair:1)
  5 bullfrogs
  2 scorpions
  4 wights (D:7)
  2 crimson imps (D:5)
  2 bullfrog zombies
  A centaur zombie (D:9)
  4 hounds
  2 jellies (D:10)
  4 orc priests
  A bullfrog skeleton (D:10)
  2 orc wizards (D:4)
  Natasha (thrice) (D:2)
  7 iguanas
  4 worker ants
  A killer bee zombie (D:8)
  A hound skeleton (D:6)
  A howler monkey zombie (D:6)
  Robin (D:4)
  A gnoll (D:4)
  15 adders
  An ooze (D:1)
  An adder zombie (D:6)
  4 worms
  2 adder skeletons
  2 dart slugs
  8 leopard geckos
  18 orcs
  5 giant cockroaches
  10 goblins
  11 hobgoblins
  16 jackals
  A quokka (D:5)
  A ball python (D:4)
  5 bats
  6 frilled lizards
  A giant cockroach zombie (D:6)
  10 kobolds
  7 rats
202 creatures vanquished.

Vanquished Creatures (collateral kills)
  A two-headed ogre (D:8)
  2 wargs (D:8)
  A hound (D:8)
  3 orc priests (D:8)
  A bullfrog skeleton (D:5)
  5 orcs (D:8)
13 creatures vanquished.

Grand Total: 215 creatures vanquished

Notes
Turn   | Place    | Note
-------+----------+-------------------------------------------
     0 | D:1      | Lianjan the Demonspawn Earth Elementalist began the quest for the Orb.
     0 | D:1      | Reached XP level 1. HP: 13/13 MP: 3/3
   398 | D:1      | Reached skill level 3 in Earth Magic
   409 | D:1      | Gained mutation: You are slightly more attuned to the shadows. [demonic ancestry]
   409 | D:1      | Reached XP level 2. HP: 19/19 MP: 1/5
  1009 | D:2      | Reached XP level 3. HP: 14/24 MP: 6/6
  1127 | D:2      | Learned a level 3 spell: Stone Arrow
  1182 | D:2      | Noticed Natasha
  1190 | D:2      | Killed Natasha
  1190 | D:2      | Reached skill level 1 in Conjurations
  1190 | D:2      | Reached skill level 4 in Earth Magic
  1370 | D:2      | Noticed Natasha
  1375 | D:2      | Killed Natasha
  1375 | D:2      | Reached XP level 4. HP: 30/30 MP: 3/7
  1557 | D:2      | Noticed Natasha
  1562 | D:2      | Killed Natasha
  1737 | D:3      | Reached XP level 5. HP: 15/35 MP: 2/8
  1802 | D:3      | Found a snail-covered altar of Cheibriados.
  2226 | D:3      | Found a glowing drain.
  2258 | Sewer    | Entered a sewer
  2266 | Sewer    | Got an encrusted mace
  2318 | Sewer    | Reached skill level 5 in Earth Magic
  2377 | Sewer    | Noticed Purgy
  2385 | Sewer    | Killed Purgy
  2385 | Sewer    | Reached XP level 6. HP: 18/41 MP: 3/9
  2494 | D:3      | Identified the +6 mace "Icagim" {freeze, rPois rN++ Str+4 Int-2} (You found it in a sewer)
  3329 | D:4      | Reached skill level 1 in Armour
  3454 | D:4      | Gained mutation: You are significantly more attuned to the shadows. [demonic ancestry]
  3454 | D:4      | Reached XP level 7. HP: 46/46 MP: 10/10
  3494 | D:4      | Learned a level 1 spell: Animate Skeleton
  3611 | D:4      | Found a sparkling altar of Nemelex Xobeh.
  4048 | D:4      | Found a snail-covered altar of Cheibriados.
  4051 | D:4      | Found a basalt altar of Yredelemnul.
  4051 | D:4      | Found a shadowy altar of Dithmenos.
  4142 | D:4      | Noticed Robin
  4159 | D:4      | Killed Robin
  4159 | D:4      | Reached skill level 6 in Earth Magic
  4211 | D:4      | Found a deep blue altar of Sif Muna.
  4402 | D:5      | Entered Level 5 of the Dungeon
  4491 | D:5      | Reached skill level 5 in Conjurations
  5115 | D:6      | Reached skill level 1 in Necromancy
  5229 | D:6      | Reached XP level 8. HP: 48/52 MP: 11/11
  5264 | D:6      | Found a bloodstained altar of Trog.
  5518 | D:6      | Found an opulent altar of Gozag.
  5628 | D:6      | Found a staircase to the Ecumenical Temple.
  5692 | D:7      | Found a shimmering altar of Xom.
  5973 | Temple   | Entered the Ecumenical Temple
  6458 | D:7      | Found Xoenauna's Armour Shop.
  6554 | D:7      | Found a hide-covered altar of Uskayaw.
  6631 | D:7      | Found a hazy altar of Hepliaklqana.
  6635 | D:7      | Found a sacrificial altar of Ru.
  6842 | D:7      | Learned a level 3 spell: Vampiric Draining
  6846 | D:7      | Learned a level 3 spell: Regeneration
  7137 | D:7      | Reached skill level 7 in Earth Magic
  7589 | D:8      | You fall through a shaft for 2 floors!
  7589 | D:10     | Entered Level 10 of the Dungeon
  7764 | D:10     | Reached skill level 1 in Fighting
  7764 | D:10     | Reached XP level 9. HP: 36/61 MP: 10/15
  7872 | D:10     | Reached skill level 5 in Necromancy
  8031 | D:10     | Reached skill level 5 in Spellcasting
  8381 | D:8      | Noticed a two-headed ogre
  8391 | D:8      | Reached skill level 8 in Earth Magic
  8433 | D:8      | Killed a two-headed ogre
  8476 | D:8      | Gained mutation: You are partially covered in large bone plates. (SH +4) [demonic ancestry]
  8476 | D:8      | Reached XP level 10. HP: 72/72 MP: 4/18
  8581 | D:8      | Noticed a two-headed ogre
  8587 | D:8      | Killed a two-headed ogre
  8694 | D:8      | Found a staircase to the Lair.
  8759 | D:8      | Noticed a two-headed ogre
  8763 | D:8      | Killed a two-headed ogre
  8763 | D:8      | Reached skill level 5 in Fighting
  8786 | D:8      | Found Plog's Weapon Boutique.
  8902 | D:8      | Found an ancient bone altar of Kikubaaqudgha.
  8916 | D:8      | Became a worshipper of Kikubaaqudgha
  9300 | D:8      | Noticed Pikel
  9319 | D:8      | Killed Pikel
  9455 | D:9      | Reached skill level 9 in Earth Magic
  9510 | D:9      | Learned a level 4 spell: Animate Dead
 10082 | D:9      | HP: 2/74 [vampire (5)]
 10227 | Lair:1   | Entered Level 1 of the Lair of Beasts
 10234 | Lair:1   | Noticed an eight-headed hydra
 10235 | Lair:1   | Noticed a spiny frog
 10336 | Lair:1   | Slain by a yak

Vault maps used:
D:1:      ncdulo_smallfort
D:2:      grunt_ministairs_15, uniq_natasha
D:3:      portal_sewer_entry_f, cheibriados_altar_1
D:4:      tgw_sif, marbit_many_paths, nicolae_overflow_hidden_temple,
          hangedman_minor_gate_pass, uniq_robin
D:5:      first_ration
D:6:      lemuel_crystal_altar, grunt_gozag_breadcrumbs,
          minmay_temple_entry_from_below_a, minmay_misc_feat_columns
D:7:      lemuel_round_altar, minitemple, lemuel_round_altar, serial_shops, shop
D:8:      lemuel_doored_altar, erik_lair_orcish_takeover, serial_shops,
          nicolae_shop_stone, uniq_pikel
Temple:   cyrus_temple_forest
Sewer:    kennysheep_door_sewer

Skill      XL: |  1  2  3  4  5  6  7  8  9 10 |
---------------+-------------------------------+-----
Earth Magic    | 3 4 5 6 7 8 9 |  9.3
Conjurations   | 1 2 3 4 5 |  5.0
Armour         | 1 3 4 |  4.0
Necromancy     | 1 4 6 8 |  8.2
Spellcasting   | 4 5 7 |  7.2
Fighting       | 1 4 5 |  5.2
Dodging        | |  1.7
Stealth        | |  1.8
Transmutations | |  0.8

Action                   |  1- 3 |  4- 6 |  7- 9 | 10-12 || total
-------------------------+-------+-------+-------+-------++-------
Melee: Unarmed           |     5 |       |       |       ||     5
       Whip              |    53 |    16 |       |       ||    69
       Falchion          |       |    92 |   235 |    49 ||   376
 Cast: Sandblast         |    17 |    31 |    64 |    37 ||   149
       Stone Arrow       |       |     2 |    23 |    34 ||    59
       Animate Skeleton  |       |       |     7 |    11 ||    18
       Regeneration      |       |       |     1 |       ||     1
Evoke: Wand              |       |       |     1 |       ||     1
  Use: Scroll            |       |     8 |     7 |       ||    15
       Potion            |       |       |       |     4 ||     4
 Stab: Sleeping          |     5 |    13 |    15 |     1 ||    34
       Distracted        |       |       |       |     1 ||     1
  Eat: Chunk             |     2 |     7 |    18 |     4 ||    31
       Ration            |       |       |       |     1 ||     1
Armor: Robe              |    10 |     2 |       |       ||    12
       Troll leather arm |       |    17 |    79 |    30 ||   126
Dodge: Dodged            |    36 |    86 |   180 |    46 ||   348
Block: Other             |       |       |       |    14 ||    14
       Rpst.: Falchion   |       |    23 |    65 |    14 ||   102

Table legend:
 A = Spawn XP
 B = Non-spawn XP
 C = Spawn XP percentage of total XP
 D = Spawn monster count
 E = Non-spawn monster count
 F = Spawn count percentage of total count
 G = Total turns spent on level
                    A         B        C        D         E        F      G
               +---------+---------+-------+---------+---------+-------+---------
         Total |       0 |   10662 |   0.0 |       0 |     214 |   0.0 | 10336
               +---------+---------+-------+---------+---------+-------+---------
           D:1 |       0 |      14 |   0.0 |       0 |       7 |   0.0 |   754
           D:2 |       0 |     167 |   0.0 |       0 |      20 |   0.0 |   907
           D:3 |       0 |     221 |   0.0 |       0 |      39 |   0.0 |  1421
           D:4 |       0 |     513 |   0.0 |       0 |      38 |   0.0 |  1088
           D:5 |       0 |     270 |   0.0 |       0 |      12 |   0.0 |   671
           D:6 |       0 |     352 |   0.0 |       0 |      14 |   0.0 |   983
           D:7 |       0 |     782 |   0.0 |       0 |      18 |   0.0 |  1436
           D:8 |       0 |    4808 |   0.0 |       0 |      32 |   0.0 |  1437
           D:9 |       0 |    1347 |   0.0 |       0 |      12 |   0.0 |   538
          D:10 |       0 |    1934 |   0.0 |       0 |      15 |   0.0 |   765
        Lair:1 |       0 |     101 |   0.0 |       0 |       1 |   0.0 |    14
         Sewer |       0 |     153 |   0.0 |       0 |       6 |   0.0 |   232
               +---------+---------+-------+---------+---------+-------+---------
